 Dungeon Crawl Stone Soup version 0.26.1-2-gb8aa6d0cf2 (webtiles) character file.

Game seed: 1830689081244517449

336 nightchill the Chopper (level 6, 0/53 HPs)
             Began as a Ghoul Gladiator on Mar 12, 2021.
             Slain by a hound (2 damage)
             ... on level 4 of the Dungeon.
             The game lasted 00:04:34 (2974 turns).

nightchill the Chopper (Ghoul Gladiator)            Turns: 2974, Time: 00:04:35

Health: 0/53       AC:  6    Str: 20    XL:     6   Next: 54%
Magic:  5/5        EV: 11    Int:  3    God:
Gold:   175        SH:  0    Dex: 10    Spells: 5/5 levels left

rFire    . . .     SeeInvis .   a - +0 war axe
rCold    + . .     Faith    .   (no shield)
rNeg     + + +     Spirit   .   d - +0 ring mail
rPois    ∞         Reflect  .   c - +0 helmet
rElec    .         Harm     .   (no cloak)
rCorr    .         Rampage  .   (no gloves)
Will     .....                  (no boots)
Stlth    ..........             (no amulet)
HPRegen  0.00/turn              (no ring)
MPRegen  0.09/turn              (no ring)

@: no status effects
A: claws 1, cold resistance 1, negative energy resistance 3, inhibited
regeneration, torment resistance, unbreathing
a: no special abilities


You were on level 4 of the Dungeon.
You visited 1 branch of the dungeon, and saw 4 of its levels.

You collected 175 gold pieces.

Inventory:

Hand Weapons
 a - a +0 war axe (weapon)
 k - a +0 hunting sling
Missiles
 e - a throwing net (quivered)
 f - 20 poisoned darts
 j - 51 sling bullets
Armour
 b - a +0 leather armour
 c - a +0 helmet (worn)
 d - a +0 ring mail (worn)
Jewellery
 s - an uncursed ring of positive energy {unknown}
Wands
 n - a wand of iceblast (9)
 r - a wand of acid (9)
Scrolls
 g - 6 scrolls of remove curse {unknown}
 h - a scroll of magic mapping {unknown}
 i - a scroll of fog {unknown}
 l - 3 scrolls of identify {unknown}
 o - a scroll of amnesia {unknown}
 q - a scroll of teleportation {unknown}
 t - a scroll of enchant armour {unknown}
 u - a scroll of blinking {unknown}
Potions
 m - a potion of magic {unknown}
 p - a potion of curing {unknown}
 v - a potion of degeneration {unknown}


   Skills:
 + Level 4.5 Fighting
 * Level 5.5 Axes
 - Level 1.7 Throwing
 - Level 2.6 Dodging


You had 5 spell levels left.
You didn't know any spells.
Your spell library was empty.

Dungeon Overview and Level Annotations

Branches:
Dungeon (4/15)
 Temple: D:4-7

Altars:
Xom


Innate Abilities, Weirdness & Mutations

You thrive by killing the living.
You are immune to poison.
You have sharp fingernails.
Your flesh is cold resistant. (rC+)
You are immune to negative energy. (rN+++)
You do not regenerate when monsters are visible.
You are immune to unholy pain and torment.
You can survive without breathing.


Message History

You barely miss the hound.
The hound is moderately wounded.
You closely miss the ogre. The hound misses you.
The ogre hits you with a +0 giant club!!
* * * LOW HITPOINT WARNING * * *
The hound bites you but does no damage.
You barely miss the ogre. You hit the hound. The hound bites you.
* * * LOW HITPOINT WARNING * * *
The ogre barely misses you. The hound bites you.
* * * LOW HITPOINT WARNING * * *
You slash the ogre!
The ogre is heavily wounded.
You closely miss the hound. The hound closely misses you.
The ogre hits you with a +0 giant club!
* * * LOW HITPOINT WARNING * * *
The hound completely misses you.
You hit the ogre.
The ogre is severely wounded.
You barely miss the hound. The hound bites you.
You die...

....#####...... #.......
............... #.......
.....!......... #......#
................#......#
................#......#
................#......+
.......Oh...<...#......#
.......@........#####'##
................#......#
####............#.......
#............#......#
#............'......#
#............#......#
#............#......#
#............#......#
#............#......#


You could see an ogre and a hound.

Vanquished Creatures
  An ogre (D:4)
  3 orc wizards (D:3)
  Terence (D:2)
  Natasha (twice) (D:2)
  3 adders
  A dart slug (D:1)
  A leopard gecko (D:1)
  5 orcs
  7 bats
  7 giant cockroaches
  4 goblins
  6 hobgoblins
  6 jackals
  9 kobolds
  2 quokkas (D:2)
  10 frilled lizards
  2 quokka skeletons (D:3)
  5 rats
75 creatures vanquished.

Notes
Turn   | Place    | Note
-------+----------+-------------------------------------------
     0 | D:1      | nightchill the Ghoul Gladiator began the quest for the Orb.
     0 | D:1      | Reached XP level 1. HP: 17/17 MP: 0/0
   180 | D:1      | Reached skill level 3 in Axes
   201 | D:1      | Reached XP level 2. HP: 25/25 MP: 1/1
   869 | D:2      | Reached XP level 3. HP: 30/30 MP: 2/2
   869 | D:2      | Noticed Terence
   884 | D:2      | Killed Terence
  1283 | D:2      | Reached XP level 4. HP: 38/38 MP: 3/3
  1373 | D:2      | Noticed Natasha
  1383 | D:2      | Killed Natasha
  1384 | D:2      | Reached skill level 4 in Axes
  1866 | D:2      | Noticed Natasha
  1874 | D:2      | Killed Natasha
  1875 | D:2      | Reached XP level 5. HP: 42/45 MP: 4/4
  1909 | D:2      | Found a shimmering altar of Xom.
  2561 | D:3      | Reached skill level 5 in Axes
  2561 | D:3      | Reached XP level 6. HP: 46/52 MP: 5/5
  2973 | D:4      | HP: 2/53 [ogre/+0 giant club (8)]
  2974 | D:4      | Slain by a hound

Illustrated notes

Levels and vault maps discovered:
D:1:      dpeg_arrival_castle, layout_loops_ring, minmay_misc_feat_cross
D:2:      layout_basic, brannock_xom_greatest_gift, uniq_terence, uniq_natasha
D:3:      layout_rooms, minmay_distorted
D:4:      layout_gridville, kennysheep_ying_yang

Skill      XL: |  1  2  3  4  5 |
---------------+----------------+-----
Axes           | 3 4 5 |  5.5
Fighting       | 3 4 |  4.5
Throwing       | |  1.7
Dodging        | |  2.6

Action                   |  1- 3 |  4- 6 || total
-------------------------+-------+-------++-------
Melee: War axe           |   111 |   153 ||   264
Throw: Throwing net      |     3 |       ||     3
  Use: Potion            |     1 |       ||     1
Armor: Leather armour    |    35 |       ||    35
       Ring mail         |     6 |    81 ||    87
Dodge: Dodged            |    92 |   112 ||   204
